 Dungeon Crawl Stone Soup version 0.16-b1 (webtiles) character file.

116 datmedicine the Chopper (level 4, -9/39 HPs)
             Began as a Minotaur Fighter on Mar 3, 2015.
             Was an Initiate of Ru.
             Mangled by an orc
             ... wielding a +2 whip of electrocution
              (12 damage)
             ... on level 3 of the Dungeon.
             The game lasted 00:03:49 (843 turns).

datmedicine the Chopper (Minotaur Fighter)           Turns: 843, Time: 00:03:50

Health: -9/39      AC:  6    Str: 22    XL:     4   Next: 70%
Magic:  2/2        EV:  8    Int:  5    God:    Ru [......]
Gold:   91         SH:  9    Dex:  9    Spells: 0 memorised, 3 levels left

rFire  . . .     SeeInvis .     a - +0 war axe
rCold  . . .     Clarity  .     b - +0 scale mail
rNeg   . . .     SustAb   .     c - +0 shield
rPois  .         Gourm    .     (helmet restricted)
rElec  .         Spirit   .     (no cloak)
rCorr  .         Warding  .     (no gloves)
rMut   .         Stasis   .     (no boots)
MR     .....                    (no amulet)
Stlth  ..........               (no ring)
                                (no ring)

@: not resistant to hostile enchantments, extremely unstealthy
A: retaliatory headbutt, horns 2
a: Renounce Religion


You were on level 3 of the Dungeon.
You worshipped Ru.
Ru was noncommittal.
You were not hungry.

You visited 1 branch of the dungeon, and saw 3 of its levels.

You collected 91 gold pieces.

Inventory:

Hand weapons
 a - a +0 war axe (weapon)
Missiles
 p - 31 stones (quivered)
 q - 4 javelins
Armour
 b - a +0 scale mail (worn)
 c - a +0 shield (worn)
Scrolls
 k - a scroll of noise {unknown}
 m - a scroll of immolation {unknown}
 n - a scroll of recharging {unknown}
 o - a scroll of identify {unknown}
 r - a scroll of blinking {unknown}
Potions
 e - a potion of might
 h - 3 potions of curing {unknown}
 i - a potion of magic {unknown}
 l - a potion of invisibility {unknown}
Comestibles
 d - 2 bread rations
 f - a beef jerky
 g - a meat ration
 j - 2 fruits


   Skills:
 - Level 3.6 Fighting
 + Level 5.5 Axes
 - Level 3.6 Armour
 - Level 1.5 Dodging
 + Level 0.3 Stealth
 - Level 3.6 Shields


You had 3 spell levels left.
You didn't know any spells.

Dungeon Overview and Level Annotations

Branches:
Dungeon (3/15)

Altars:
Dithmenos
Elyvilon
Nemelex Xobeh
Okawaru
Ru
Sif Muna


Innate Abilities, Weirdness & Mutations

You reflexively headbutt those who attack you in melee.
You have a pair of horns on your head.


Message History

You hit the orc priest but do no damage.
The orc priest is heavily wounded.
The orc priest closely misses you.
You hit the orc priest.
The orc priest is almost dead.
The orc priest hits you with a short sword.
The orc priest mumbles some strange prayers to Beogh against you.
Pain shoots through your body!
* * * LOW HITPOINT WARNING * * *
You barely miss the orc priest. You headbutt the orc priest.
You kill the orc priest!
Your shield and scale mail prevent you from hitting the orc.
The orc hits you but does no damage.
You hit the orc.
The orc is almost dead.
The orc barely misses you.
The orc hits you with a whip of electrocution.
* * * LOW HITPOINT WARNING * * *
You are electrocuted!
You die...

##........#####. ####
#..........# #. #...
#............ ## #...
#..........#..
##...##.........###.#
#.......###.#.### ..
#####.### #.#.# #.#
.#. #@# #o# ..# ####


You could see an orc.

Vanquished Creatures
  2 orc priests (D:3)
  An adder (D:2)
  3 worms (D:2)
  A giant gecko (D:2)
  An ooze (D:2)
  An orc (D:3)
  A giant cockroach (D:2)
  A hobgoblin (D:2)
  4 jackals (D:2)
  3 kobolds
  A quokka (D:2)
  A ball python (D:2)
  2 bats
  A giant newt (D:2)
  3 goblins
  4 rats
30 creatures vanquished.

Notes
Turn   | Place    | Note
--------------------------------------------------------------
     0 | D:1      | datmedicine, the Minotaur Fighter, began the quest for the Orb.
     0 | D:1      | Reached XP level 1. HP: 19/19 MP: 1/1
    60 | D:2      | Reached XP level 2. HP: 16/26 MP: 1/1
   101 | D:2      | Reached skill level 1 in Dodging
   242 | D:2      | Found a sacrificial altar of Ru.
   255 | D:2      | Became a worshipper of Ru the Awakened
   271 | D:2      | Fell from the grace of Ru
   275 | D:2      | Became a worshipper of Ru the Awakened
   288 | D:2      | Reached XP level 3. HP: 20/31 MP: 2/2
   591 | D:2      | Reached skill level 4 in Axes
   765 | D:3      | Found a deep blue altar of Sif Muna.
   788 | D:3      | Found a shadowy altar of Dithmenos.
   789 | D:3      | Found a sparkling altar of Nemelex Xobeh.
   789 | D:3      | Found a white marble altar of Elyvilon.
   789 | D:3      | Found an iron altar of Okawaru.
   835 | D:3      | Reached skill level 5 in Axes
   835 | D:3      | Reached XP level 4. HP: 25/39 MP: 2/2
   843 | D:3      | Mangled by an orc

Action                   |  1- 3 |  4- 6 || total
-------------------------+-------+-------++-------
Melee: War axe           |    68 |     7 ||    75
Invok: Renounce Religion |     1 |       ||     1
